 Dungeon Crawl Stone Soup version 0.31.0-7-gf635a9b802 (webtiles) character file.

Game seed: 13653625607056698077

366 Crownlay the Trooper (level 7, -8/56 HPs)
             Began as a Djinni Monk on Jan 23, 2024.
             Killed from afar by an orc wizard (10 damage)
             ... with a magic dart
             ... on level 4 of the Dungeon.
             The game lasted 00:06:32 (3387 turns).

Crownlay the Trooper (Djinni Monk)                  Turns: 3387, Time: 00:06:32

Health: -8/56      AC:  6    Str: 16    XL:     7   Next: 1%
Gold:   155        EV: 13    Int: 13    God:
                   SH:  0    Dex: 16

rFire   + + .        p - +1 dagger (flame)
rCold   x . .        d - orb {light}
rNeg    . . .        b - +0 robe
rPois   ∞            l - +0 helmet
rElec   .            (no cloak)
rCorr   .            k - +2 pair of gloves
SInv    .            (boots unavailable)
Will    .....        s
                       - Hermit's Pendant {Faith Invo=14 Evo=0 MP+5}
Stlth   +            h - +6 ring of strength
HPRegen 0.29/turn    (no ring)
MPRegen 0.00/turn

%: faith, infuse magic (-9 HP)
@: swift, flying, very slightly contaminated, glowing, very quick
A: sickness immunity, fire resistance 2, cold vulnerability 1, float, innate
caster, HP casting, extra vitality 1
a: no special abilities


You were on level 4 of the Dungeon.
You visited 1 branch of the dungeon, and saw 4 of its levels.

You collected 155 gold pieces.

Inventory:

Hand Weapons
 p - a +1 dagger of flaming (weapon)
Armour
 b - a +0 robe (worn)
 d - an orb of light (worn)
 k - a +2 pair of gloves (worn)
 l - a +0 helmet (worn)
Jewellery
 h - a +6 ring of strength (left hand)
 s - the Hermit's Pendant (around neck) {Faith Invo=14 Evo=0 MP+5}
   (You found it on level 4 of the Dungeon)

   [amulet of faith]

   Invo=14: It sets your Invocations skill to 14.
   Evo=0: It sets your Evocations skill to 0.
   Faith:     It allows you to gain divine favour quickly.
   MP+5:      It affects your magic capacity (+5).
Wands
 a - a wand of polymorph (10)
 r - a wand of flame (7)
Scrolls
 f - 2 scrolls of identify {unknown}
 g - 2 scrolls of immolation {unknown}
 i - a scroll of teleportation {unknown}
 m - a scroll of fear {unknown}
 o - a scroll of poison {unknown}
 q - a scroll of silence {unknown}
Potions
 c - 2 potions of ambrosia
 e - 3 potions of curing {unknown}
 j - a potion of heal wounds {unknown}
 n - a potion of might {unknown}
 t - a potion of enlightenment {unknown}


   Skills:
 * Level 6.1 Fighting
 - Level 2.6 Short Blades
 - Level 3.2 Dodging
 + Level 2.6 Spellcasting
 + Level 2.6 Conjurations
 + Level 2.6 Hexes
   Level 0.0 Charms
 + Level 2.6 Summonings
 + Level 2.6 Necromancy
 + Level 2.6 Translocations
   Level 0.0 Transmutations
 + Level 2.6 Fire Magic
 + Level 2.6 Ice Magic
 + Level 2.6 Air Magic
 + Level 2.6 Earth Magic
 + Level 2.6 Alchemy


You knew the following spells:

 Your Spells              Type           Power      Damage    Failure   Level
a - Summon Small Mammal   Summ           32%        N/A       8%          1
b - Momentum Strike       Conj/Tloc      16%        3d8       12%         2
c - Swiftness             Air            8%         N/A       24%         3
Your spell library was empty.

Dungeon Overview and Level Annotations

Branches:
Dungeon (4/15)
 Temple: D:4-7

Altars:
Elyvilon
Gozag
Okawaru
Qazlal
Xom

Annotations:
D:3 1 runed translucent door, Crazy Yiuf


Innate Abilities, Weirdness & Mutations

You are immune to sickness and miasma.
You are immune to poison.
Your flesh is very heat resistant. (rF++)
You are vulnerable to cold. (rC-)
You float through the air rather than walking.
You learn spells naturally, not from books.
Your magical power is your life essence.
You have superior vitality. (+4 MHP)


Message History

The magic dart hits you.
You hit the orc priest but do no damage.
The orc priest is lightly wounded.
The orc wizard casts a spell at you. The puff of flame hits you. You resist.
The orc priest hits you but does no damage.
The orc wizard hits you but does no damage.
You hit the orc priest. You burn the orc priest.
The orc priest is heavily wounded.
The orc wizard hits you but does no damage.
The orc priest mumbles some strange prayers to Beogh against you.
Beogh smites you!
* * * LOW HITPOINT WARNING * * *
A hobgoblin comes into view.
The orc wizard hits you but does no damage.
Sorry, you're not good enough to have a special ability.
Unknown command.
Casting: Summon Small Mammal (safe; 8% risk of failure)
Confirm with . or Enter, or press ? or * to list all spells.
Okay, then.
Casting: Summon Small Mammal (safe; 8% risk of failure)
Confirm with . or Enter, or press ? or * to list all spells.
You miscast Swiftness.
You are very lightly contaminated with residual magic.
Nothing appears to happen.
* * * LOW HITPOINT WARNING * * *
The hobgoblin shouts!
The orc wizard hits you but does no damage.
The orc priest closely misses you. The orc wizard misses you.
Casting: Swiftness (dangerous; 24% risk of failure)
Confirm with . or Enter, or press ? or * to list all spells.
You feel quick.
* * * LOW HITPOINT WARNING * * *
The orc wizard hits you with a +0 dagger.
* * * LOW HITPOINT WARNING * * *
The orc priest hits you with a +0 hand axe.
* * * LOW HITPOINT WARNING * * *
The orc wizard casts a spell at you. The magic dart hits you!
You die...

...... ........ #
##...###........ #
###.....#......... #
####.....#.......g..
###........##.##....##
.#............#......#.
.......................#
...#.............# #..#
...#......†...##@##....#.
...###........#ooo.......
...###...<...##..).......
....#....................
..............##.........
....##.......###....#...#
#~............ ..##.###..
≈#..... .. ##. .. #
≈#~.... ..#


You could see an orc priest, 2 orc wizards and a hobgoblin.

Vanquished Creatures
  A scorpion (D:4)
  A hound (D:4)
  Ijyb (D:3)
  A sleepcap (D:3)
  Natasha (thrice) (D:3)
  Robin (D:2)
  6 adders
  3 dart slugs
  2 ribbon worms (D:3)
  An orc (D:4)
  4 endoplasms
  3 giant cockroaches
  13 goblins
  5 hobgoblins
  3 jackals (D:2)
  4 quokkas
  7 ball pythons
  3 bats
  6 frilled lizards
  7 kobolds
  4 rats
79 creatures vanquished.

Vanquished Creatures (collateral kills)
  A jackal (D:2)
  A goblin (D:2)
2 creatures vanquished.

Grand Total: 81 creatures vanquished

Notes
Turn   | Place    | Note
-------+----------+-------------------------------------------
     0 | D:1      | Crownlay the Djinni Monk began the quest for the Orb.
     0 | D:1      | Reached XP level 1. HP: 20/20 MP: 0/0
   326 | D:1      | Reached XP level 2. HP: 10/25 MP: 0/0
   990 | D:1      | Reached XP level 3. HP: 21/30 MP: 0/0
   990 | D:1      | Learned a level 1 spell: Summon Small Mammal
  1174 | D:2      | Reached skill level 1 in Spellcasting
  1174 | D:2      | Reached skill level 1 in Conjurations
  1174 | D:2      | Reached skill level 1 in Hexes
  1174 | D:2      | Reached skill level 1 in Summonings
  1174 | D:2      | Reached skill level 1 in Necromancy
  1174 | D:2      | Reached skill level 1 in Translocations
  1174 | D:2      | Reached skill level 1 in Fire Magic
  1174 | D:2      | Reached skill level 1 in Ice Magic
  1174 | D:2      | Reached skill level 1 in Air Magic
  1174 | D:2      | Reached skill level 1 in Earth Magic
  1174 | D:2      | Reached skill level 1 in Alchemy
  1279 | D:2      | Reached skill level 4 in Fighting
  1296 | D:2      | Reached XP level 4. HP: 20/37 MP: 0/0
  1350 | D:2      | Noticed Robin
  1383 | D:2      | Killed Robin
  1838 | D:2      | Reached XP level 5. HP: 42/42 MP: 0/0
  1838 | D:2      | Learned a level 2 spell: Momentum Strike
  2274 | D:3      | Identified the +0 spear of Fesia {drain, Dex+5}
  2307 | D:3      | Reached skill level 5 in Fighting
  2310 | D:3      | Found a faded altar of an unknown god.
  2350 | D:3      | Noticed Ijyb
  2352 | D:3      | Noticed Natasha
  2365 | D:3      | Killed Ijyb
  2434 | D:3      | Found a runed translucent door.
  2435 | D:3      | Noticed Crazy Yiuf
  2471 | D:3      | Killed Natasha
  2472 | D:3      | Reached XP level 6. HP: 32/49 MP: 0/0
  2538 | D:3      | Noticed Natasha
  2539 | D:3      | Killed Natasha
  2895 | D:3      | Noticed Natasha
  2909 | D:3      | Killed Natasha
  3157 | D:4      | Found the Hermit's Pendant {Faith Invo=14 Evo=0 MP+5}
  3174 | D:4      | Reached skill level 6 in Fighting
  3281 | D:4      | Found an iron altar of Okawaru.
  3283 | D:4      | Found a white marble altar of Elyvilon.
  3283 | D:4      | Found a shimmering altar of Xom.
  3285 | D:4      | Found an opulent altar of Gozag.
  3285 | D:4      | Found a stormy altar of Qazlal.
  3357 | D:4      | Reached XP level 7. HP: 56/56 MP: 0/0
  3357 | D:4      | Learned a level 3 spell: Swiftness
  3387 | D:4      | HP: 2/56 [orc priest/+0 hand axe (5)]
  3387 | D:4      | Killed from afar by an orc wizard

Illustrated notes

Levels and vault maps discovered:
D:1:      nicolae_arrival_somewhat_less_tricky_arrival, layout_loops_corners
D:2:      layout_basic, nicolae_titane, uniq_robin
D:3:      minmay_inner_zag, layout_basic,
          shapermc_ecumenical_altar_mp_ritualfount, uniq_crazy_yiuf_cottage,
          uniq_ijyb, uniq_natasha
D:4:      layout_cave_pools, grunt_temple_overflow_open, minivault_4

Skill      XL: |  1  2  3  4  5  6 |
---------------+-------------------+-----
Spellcasting   | 1 2 |  2.6
Conjurations   | 1 2 |  2.6
Hexes          | 1 2 |  2.6
Summonings     | 1 2 |  2.6
Necromancy     | 1 2 |  2.6
Translocations | 1 2 |  2.6
Fire Magic     | 1 2 |  2.6
Ice Magic      | 1 2 |  2.6
Air Magic      | 1 2 |  2.6
Earth Magic    | 1 2 |  2.6
Alchemy        | 1 2 |  2.6
Fighting       | 4 5 6 |  6.1
Short Blades   | |  2.6
Dodging        | |  3.2

Action                     |  1- 3 |  4- 6 |  7- 9 || total
---------------------------+-------+-------+-------++-------
  Melee: Short sword       |   114 |    93 |       ||   207
         Dagger            |       |    98 |    17 ||   115
         Unarmed           |       |     3 |       ||     3
   Cast: Summon Small Mamm |     6 |    12 |       ||    18
         Momentum Strike   |       |     6 |       ||     6
         Swiftness         |       |       |     1 ||     1
   Stab: Distracted        |     1 |     2 |       ||     3
 Armour: Robe              |    51 |    96 |    26 ||   173
         Skin              |       |     1 |       ||     1
  Dodge: Dodged            |    69 |   109 |    14 ||   192
